 Dungeon Crawl Stone Soup version 0.20.1-1-g8b1a95d (webtiles) character file.

186 nikopol the Conjurer (level 5, -3/28 HPs)
             Began as a Deep Elf Conjurer on July 7, 2017.
             Was an Initiate of Vehumet.
             Slain by a two-headed ogre
             ... wielding a +0 giant club
              (11 damage)
             ... on level 4 of the Dungeon.
             The game lasted 00:12:47 (3112 turns).

nikopol the Conjurer (Deep Elf Conjurer)            Turns: 3112, Time: 00:12:48

Health: -3/28      AC:  4    Str:  5    XL:     5   Next: 38%
Magic:  2/13       EV: 13    Int: 21    God:    Vehumet [......]
Gold:   172        SH:  0    Dex: 15    Spells: 6/12 levels left

rFire    . . .     SeeInvis .   l - -3 dagger (curse)
rCold    + . .     Gourm    .   (no shield)
rNeg     . . .     Faith    .   a - +0 robe
rPois    .         Spirit   .   (no helmet)
rElec    .         Reflect  .   (no cloak)
rCorr    .         Harm     .   x - +0 pair of gloves
MR       .....                  n - +0 pair of boots
Stlth    ++........             p - amulet of magic regeneration
Regen    0.1/turn               u - ring of protection from cold
MPRegen  0.2/turn               (no ring)

@: very slightly contaminated
A: no striking features
a: Renounce Religion


You were on level 4 of the Dungeon.
You worshipped Vehumet.
Vehumet was noncommittal.
You were hungry.

You visited 2 branches of the dungeon, and saw 5 of its levels.

You collected 172 gold pieces.

Inventory:

Hand Weapons
 l - a cursed -3 dagger (weapon)
 m - a +1 dagger of protection
 t - a +1 dagger of holy wrath
Armour
 a - a +0 robe (worn)
 n - a +0 pair of boots (worn)
 x - a +0 pair of gloves (worn)
Jewellery
 p - an amulet of magic regeneration (around neck)
 u - a ring of protection from cold (left hand)
Scrolls
 d - 5 scrolls of identify {unknown}
 e - 2 scrolls of enchant armour {unknown}
 i - 6 scrolls of remove curse {unknown}
 k - 3 scrolls of recharging {unknown}
 v - a scroll of noise {unknown}
 y - a scroll of blinking {unknown}
Potions
 f - 2 potions of resistance {unknown}
 h - a potion of berserk rage {unknown}
 o - 2 potions of agility {unknown}
 q - a potion of magic {unknown}
 r - 2 potions of invisibility {unknown}
 s - 3 potions of haste {unknown}
 w - a potion of flight {unknown}
 z - a potion of heal wounds {unknown}
Books
 b - a book of Conjurations

   Spells                             Type                      Level
   a - Magic Dart                     Conjuration                  1
   b - Searing Ray                    Conjuration                  2
   c - Dazzling Spray                 Conjuration/Hexes            3
   d - Fulminant Prism                Conjuration/Hexes            4
   e - Force Lance                    Conjuration/Translocation    4
   f - Iskenderun's Mystic Blast      Conjuration                  4
Comestibles
 c - 4 bread rations
 g - 3 fruits
 j - 2 royal jellies
 A - 4 chunks of flesh


   Skills:
 + Level 0.1 Fighting
 + Level 2.8 Dodging
 + Level 2.9 Stealth
 + Level 4.4 Spellcasting
 + Level 6.4 Conjurations


You had 6 spell levels left.
You knew the following spells:

 Your Spells              Type           Power        Failure   Level  Hunger
a - Magic Dart            Conj           ####         1%          1    None
b - Searing Ray           Conj           ####..       1%          2    #......
c - Dazzling Spray        Conj/Hex       ###...       9%          3    ##.....


Dungeon Overview and Level Annotations

Branches:
Dungeon (4/15)             Temple (1/1) D:4

Altars:
Cheibriados
Dithmenos
Gozag
Hepliaklqana
Kikubaaqudgha
Makhleb
Nemelex Xobeh
Okawaru
Qazlal
Vehumet
Xom
Yredelemnul
Zin
The Shining One


Message History

Ouch! That really hurt!
* * * LOW HITPOINT WARNING * * *
Casting: Searing Ray
Confirm with . or Enter, or press ? or * to list all spells.
Aiming: Searing Ray
Press: ? - help, Shift-Dir - straight line, f/p - two-headed ogre
Aim: a two-headed ogre, wielding two giant clubs (severely wounded)
You miscast Searing Ray.
You are very lightly contaminated with residual magic.
Nothing appears to happen.
The two-headed ogre barely misses you. The two-headed ogre closely misses you.
Casting: Searing Ray
Confirm with . or Enter, or press ? or * to list all spells.
Aiming: Magic Dart
Press: ? - help, Shift-Dir - straight line, f/p - two-headed ogre
Aim: a two-headed ogre, wielding two giant clubs (severely wounded)
The magic dart hits the two-headed ogre.
The two-headed ogre is severely wounded.
The two-headed ogre hits you with a giant club!
You die...

#.#. .......). ####
#... ......... ....
###. #........ ...
##### +.......####.###
+.... #.......##.....##
####. #.......#.......#
#. #.......#.......#.
###. #......@O..._.....
#... #.......#.......#.
#... #...###.#.......#.
#... #..
#...##.....##.# #...
#..
#...####.####..##...
...#...................
...#..........####.....
..............# #.....
#...........####
##.....


You could see a two-headed ogre.

Vanquished Creatures
  An orc wizard (D:3)
  A worker ant (D:4)
  7 adders
  A dart slug (D:1)
  7 orcs (D:3)
  2 giant cockroaches
  6 goblins
  10 hobgoblins
  4 jackals (D:2)
  5 kobolds
  2 ball pythons
  6 bats
  2 frilled lizards
  9 rats
63 creatures vanquished.

Notes
Turn   | Place    | Note
-------+----------+-------------------------------------------
     0 | D:1      | nikopol the Deep Elf Conjurer began the quest for the Orb.
     0 | D:1      | Reached XP level 1. HP: 10/10 MP: 6/6
   163 | D:1      | Reached XP level 2. HP: 15/15 MP: 6/8
   310 | D:1      | Reached skill level 5 in Conjurations
   724 | D:2      | Reached XP level 3. HP: 10/19 MP: 3/10
   728 | D:2      | Learned a level 2 spell: Searing Ray
   732 | D:2      | Learned a level 3 spell: Dazzling Spray
  1543 | D:2      | Reached XP level 4. HP: 24/24 MP: 5/11
  2096 | D:3      | Reached skill level 6 in Conjurations
  2537 | D:4      | Reached XP level 5. HP: 28/28 MP: 8/13
  2634 | D:4      | Found an iron altar of Okawaru.
  2668 | D:4      | Found a staircase to the Ecumenical Temple.
  2678 | Temple   | Entered the Ecumenical Temple
  2719 | Temple   | Became a worshipper of Vehumet
  3096 | D:4      | Found a shadowy altar of Dithmenos.
  3100 | D:4      | Noticed a two-headed ogre
  3112 | D:4      | Slain by a two-headed ogre

Skill      XL: |  1  2  3  4 |
---------------+-------------+-----
Conjurations   | 5 6 |  6.4
Spellcasting   | 4 |  4.4
Fighting       | |  0.1
Dodging        | |  2.8
Stealth        | |  2.9

Action                   |  1- 3 |  4- 6 || total
-------------------------+-------+-------++-------
Melee: Unarmed           |     1 |       ||     1
 Cast: Magic Dart        |    70 |    50 ||   120
       Searing Ray       |     1 |     3 ||     4
       Dazzling Spray    |       |     1 ||     1
  Eat: Chunk             |     2 |     4 ||     6
Armor: Robe              |     2 |     5 ||     7
Dodge: Dodged            |     5 |    11 ||    16
